 Dungeon Crawl Stone Soup version 0.25.1-8-g42b30a86e7 (webtiles) character file.

Game seed: 274527499619618713

72 hehateme the Covered (level 4, -8/31 HPs)
             Began as a Halfling Fighter on Dec 15, 2020.
             Killed by divine providence
             ... invoked by an orc priest
              (12 damage)
             ... on level 3 of the Dungeon.
             The game lasted 00:01:26 (1656 turns).

hehateme the Covered (Halfling Fighter)             Turns: 1656, Time: 00:01:26

Health: -8/31      AC:  8    Str: 18    XL:     4   Next: 48%
Magic:  4/4        EV:  9    Int:  6    God:
Gold:   107        SH:  9    Dex: 13    Spells: 3/3 levels left

rFire    . . .     SeeInvis .   a - +0 war axe
rCold    . . .     Gourm    .   c - +0 kite shield
rNeg     . . .     Faith    .   b - +0 scale mail
rPois    .         Spirit   .   (no helmet)
rElec    .         Reflect  .   q - +0 cloak
rCorr    .         Harm     .   (no gloves)
MR       .....                  (no boots)
Stlth    ..........             (no amulet)
HPRegen  0.10/turn              (no ring)
MPRegen  0.09/turn              (no ring)

@: no status effects
A: small, mutation resistance 1
a: no special abilities


You were on level 3 of the Dungeon.
You were not hungry.

You visited 1 branch of the dungeon, and saw 3 of its levels.

You collected 107 gold pieces.

Inventory:

Hand Weapons
 a - a +0 war axe (weapon)
Armour
 b - a +0 scale mail (worn)
 c - a +0 kite shield (worn)
 q - a +0 cloak (worn)
   (You found it on level 2 of the Dungeon)
 v - a scarf of invisibility
   (You found it on level 3 of the Dungeon)
Jewellery
 g - a +4 ring of evasion {unknown}
   (You found it on level 1 of the Dungeon)
 i - a cursed -4 ring of evasion {unknown}
   (You found it on level 1 of the Dungeon)
 n - an uncursed ring of fire {unknown}
   (You found it on level 1 of the Dungeon)
 r - an uncursed ring of poison resistance {unknown}
   (You found it on level 2 of the Dungeon)
Wands
 t - a wand of paralysis (6)
   (You found it on level 2 of the Dungeon)
 x - a wand of digging (3)
   (You found it on level 3 of the Dungeon)
Scrolls
 e - 3 scrolls of teleportation {unknown}
 h - 4 scrolls of identify {unknown}
 k - a scroll of amnesia {unknown}
 m - a scroll of fog {unknown}
 s - a scroll of magic mapping {unknown}
 u - a scroll of remove curse {unknown}
Potions
 d - a potion of might
 j - 2 potions of curing {unknown}
 l - a potion of cancellation {unknown}
 o - a potion of stabbing {unknown}
 p - a potion of heal wounds {unknown}
Comestibles
 f - 5 rations
 w - 4 chunks of flesh {@w0}


   Skills:
 + Level 3.4 Fighting
 - Level 2.0 Axes
 * Level 4.8 Armour
 - Level 3.2 Shields


You had 3 spell levels left.
You didn't know any spells.
Your spell library was empty.

Dungeon Overview and Level Annotations

Branches:
Dungeon (3/15)

Altars:
The Shining One


Innate Abilities, Weirdness & Mutations

You are small and have problems with some larger weapons.
You are somewhat resistant to further mutation.


Message History

Health restored: 31 A worm is nearby!
A worm is nearby!
You completely miss the worm. The worm bites you!
You take 7 damage, and have 24/31 hp.
MASSIVE DAMAGE!!
You hit the worm. You block the worm's attack.
You slash the worm! The worm bites you.
You take 3 damage, and have 21/31 hp.
You slash the worm!
You kill the worm!
A goblin comes into view.
The goblin shouts!
You see here a worm corpse.
A goblin is nearby!
A goblin is nearby!
A bat comes into view.
The bat moves out of view.
The goblin hits you.
You take 2 damage, and have 20/31 hp.
You slash the goblin!
You kill the goblin!
The bat hits you but does no damage. The bat hits you.
You see here an inky potion.
You take 1 damage, and have 19/31 hp.
The bat hits you but does no damage. The bat barely misses you.
The bat hits you.
You take 1 damage, and have 18/31 hp.
You are too injured to fight recklessly!
You are too injured to fight recklessly!
You are too injured to fight recklessly!
You are too injured to fight recklessly!
You are too injured to fight recklessly!
You are too injured to fight recklessly!
Unknown command.
Your shield prevents you from hitting the bat.
The bat closely misses you. The bat hits you but does no damage.
The bat barely misses you. The bat hits you but does no damage. x2
You block the bat's attack. You block the bat's attack.
The bat hits you but does no damage.
There is an open door here.
Your shield and scale mail prevent you from hitting the bat.
The bat barely misses you. You block the bat's attack.
You closely miss the bat. You block the bat's attack. x2
Your shield and scale mail prevent you from hitting the bat.
You block the bat's attack. The bat hits you but does no damage.
The bat hits you but does no damage.
You barely miss the bat. The bat hits you but does no damage.
You block the bat's attack.
You hit the bat but do no damage. The bat hits you but does no damage.
You block the bat's attack.
You closely miss the bat. The bat hits you but does no damage. x2
The bat barely misses you. The bat hits you but does no damage.
You barely miss the bat. The bat completely misses you.
You block the bat's attack.
You closely miss the bat. The bat hits you but does no damage.
You slash the bat!
You kill the bat!
You see here a bat corpse.
You butcher the bat corpse.
w - 2 chunks of flesh {@w0} (gained 1)
You see here a bat skeleton. x2
j - 2 inky potions (gained 1)
You butcher the worm corpse.
w - 5 chunks of flesh {@w0} (gained 3)
You see here a +0 club. 3 orcs and 2 orc priests come into view.
An orc is wielding a +1 whip of draining.
The orc shouts! x2; The orc priest shouts!
The orc shouts!
The orc priest shouts!
The orc priest calls down the wrath of Beogh upon you.
Beogh smites you!
There are monsters nearby!
You closely miss the orc. You block the orc's attack.
The orc priest casts a cantrip, but nothing happens.
You slash the orc! The orc barely misses you. You block the orc's attack.
You slash the orc!
You kill the orc!
Things that are here:
a +1 whip of draining; a cursed +0 leather armour; an orc corpse You hit the orc.
The orc priest calls upon Beogh to heal the orc.
The orc's wounds heal themselves!
The orc hits you with a +0 flail.
Some of the chunks of flesh in your inventory have rotted away.
You take 2 damage, and have 20/31 hp.
You closely miss the orc.
The orc priest calls down the wrath of Beogh upon you.
Beogh smites you!
* * * LOW HITPOINT WARNING * * *
The orc hits you with a +0 flail.
* * * LOW HITPOINT WARNING * * *
You take 16 damage, and have 4/31 hp.
MASSIVE DAMAGE!!
The orc priest begins to cast a cantrip, but forgets the words!
The orc priest invokes the aid of Beogh against you.
Beogh smites you!
You die...

# ##### #)#.#
# #..รท#
#.#.# # #...#
#.#.#
###...###.#.#
##########
..'...'.....#
#.o.oo....
###.>.###.###
#.######## #
#...# #.# #.#
# #####
#.#######o# #
#.......@.#
###########


You could see an orc priest and an orc.

Vanquished Creatures
  Jessica (D:2)
  2 adders (D:2)
  2 worms
  An orc (D:3)
  A giant cockroach (D:1)
  3 goblins
  2 hobgoblins
  3 jackals (D:2)
  3 bats
  A frilled lizard (D:1)
  2 kobolds (D:1)
  A rat (D:1)
22 creatures vanquished.

Notes
Turn   | Place    | Note
-------+----------+-------------------------------------------
     0 | D:1      | hehateme the Halfling Fighter began the quest for the Orb.
     0 | D:1      | Reached XP level 1. HP: 15/15 MP: 1/1
   492 | D:2      | Reached XP level 2. HP: 20/20 MP: 2/2
   501 | D:2      | HP: 5/20 [worm (5)]
   768 | D:2      | Reached skill level 3 in Fighting
   768 | D:2      | Reached skill level 4 in Armour
   799 | D:2      | Reached XP level 3. HP: 25/26 MP: 3/3
   971 | D:2      | Noticed Jessica
   989 | D:2      | Killed Jessica
   989 | D:2      | Reached XP level 4. HP: 21/31 MP: 4/4
  1105 | D:2      | Found a glowing golden altar of the Shining One.
  1652 | D:3      | HP: 5/31 [orc priest/divine providence (15)]
  1656 | D:3      | Killed from afar by an orc priest

Illustrated notes

Levels and vault maps discovered:
D:1:      doesnt_arrival_eight_statues, layout_rooms
D:2:      layout_basic, nicolae_tso_swordbearing_angel, uniq_jessica
D:3:      layout_basic, lemuel_coloured_pillars_altar, first_ration

Skill      XL: |  1  2 |
---------------+-------+-----
Fighting       | 3 |  3.4
Armour         | 4 |  4.8
Axes           | |  2.0
Shields        | |  3.2

Action                   |  1- 3 |  4- 6 || total
-------------------------+-------+-------++-------
Melee: War axe           |    48 |    46 ||    94
  Eat: Chunk             |       |     2 ||     2
Armor: Scale mail        |    17 |    33 ||    50
Dodge: Dodged            |    17 |    13 ||    30
Block: Kite shield       |    26 |    39 ||    65

Levels and vault maps discovered:
D:1:      doesnt_arrival_eight_statues, layout_rooms
D:2:      layout_basic, nicolae_tso_swordbearing_angel, uniq_jessica
D:3:      layout_basic, lemuel_coloured_pillars_altar, first_ration

Table legend:
 A = Turns spent in this place as a percentage of turns spent in the entire game.
 B = Non-inter-level travel turns spent in this place as a percentage of non-inter-level travel turns spent in the entire game.
 C = Inter-level travel turns spent in this place as a percentage of turns spent in this place.
 D = Turns resting spent in this place as a percentage of non-inter-level travel turns spent in this place.
 E = Turns spent auto-exploring this place as a percentage of non-inter-level travel turns spent in this place.
 F = Non-inter-level travel turns spent in this place divided by the number of levels of this place that you've seen.
                   A       B       C       D       E      F
               +-------+-------+-------+-------+-------+----------------------
         Total | 100.0 | 100.0 |   4.0 |   0.0 |  87.7 | 530.0
       Dungeon | 100.0 | 100.0 |   4.0 |   0.0 |  87.7 | 530.0
               +-------+-------+-------+-------+-------+----------------------

Table legend:
 A = Kills in this place as a percentage of kills in entire the game.
 B = Kills by you in this place as a percentage of kills by you in the entire game.
 C = Kills by friends in this place as a percentage of kills by friends in the entire game.
 D = Other kills in this place as a percentage of other kills in the entire game.
 E = Experience gained in this place as a percentage of experience gained in the entire game.
 F = Experience gained in this place divided by the number of levels of this place that you have seen.
                   A       B       C       D       E      F
               +-------+-------+-------+-------+-------+----------------------
         Total | 100.0 | 100.0 |   N/A |   N/A | 100.0 |  34.3
       Dungeon | 100.0 | 100.0 |   N/A |   N/A | 100.0 |  34.3
               +-------+-------+-------+-------+-------+----------------------
